 Dungeon Crawl Stone Soup version 0.25-a0-346-g140ab784a8 (webtiles) character file.

Game seed: 14850265344337231848, levelgen mode: deterministic

152 Conn the Magician (level 5, -2/31 HPs)
             Began as an Octopode Wizard on Jan 1, 2020.
             Slain by a hobgoblin (4 damage)
             ... led by Robin
             ... on level 2 of the Dungeon.
             The game lasted 00:11:02 (3176 turns).

Conn the Magician (Octopode Wizard)                 Turns: 3176, Time: 00:11:03

Health: -2/31      AC:  1    Str:  6    XL:     5   Next: 34%
Magic:  1/11       EV: 13    Int: 22    God:
Gold:   154        SH:  0    Dex: 10    Spells: 2/13 levels left

rFire    . . .     SeeInvis .   e - +0 short sword
rCold    . . .     Gourm    +   (no shield)
rNeg     . . .     Faith    .   a - +0 hat
rPois    .         Spirit   .   l - amulet of the gourmand
rElec    .         Reflect  .   (no ring)
rCorr    .         Harm     .   (no ring)
MR       .....                  (no ring)
Stlth    +++.......             (no ring)
HPRegen  0.10/turn              (no ring)
MPRegen  0.12/turn              (no ring)
                                (no ring)
                                (no ring)

@: no status effects
A: almost no armour, stealthy swim, amphibious, 8 rings, constrict 8, camouflage
1, gelatinous body 1
a: no special abilities


You were on level 2 of the Dungeon.
You were not hungry.

You visited 1 branch of the dungeon, and saw 3 of its levels.

You collected 154 gold pieces.

Inventory:

Hand Weapons
 e - a +0 short sword (weapon)
Missiles
 f - 2 poisoned darts (quivered)
Armour
 a - a +0 hat (worn)
Jewellery
 l - an amulet of the gourmand (around mantle)
Scrolls
 b - 2 scrolls of identify {unknown}
 d - a scroll of fog {unknown}
 g - 2 scrolls of magic mapping {unknown}
 h - a scroll of fear {unknown}
 i - a scroll of blinking {unknown}
 j - a scroll of enchant armour {unknown}
 k - 2 scrolls of teleportation {unknown}
Comestibles
 c - 4 rations


   Skills:
 + Level 0.1 Fighting
 + Level 1.3 Short Blades
 + Level 2.3 Dodging
 + Level 3.2 Stealth
 + Level 0.3 Unarmed Combat
 * Level 4.5 Spellcasting
 * Level 2.1 Conjurations
 + Level 1.0 Summonings
 + Level 1.0 Translocations


You had 2 spell levels left.
You knew the following spells:

 Your Spells              Type           Power        Failure   Level  Hunger
a - Magic Dart            Conj           ##..         4%          1    None
b - Blink                 Tloc           N/A          11%         2    #......
c - Call Imp              Summ           #.......     11%         2    #......
d - Conjure Flame         Conj/Fire      #.......     21%         3    ##.....
e - Mephitic Cloud        Conj/Pois/Air  #.......     24%         3    ##.....

Your spell library contained the following spells:

 Spells                   Type           Power        Failure   Level  Hunger
 Slow                     Hex            #.......     16%         2    #......


Dungeon Overview and Level Annotations

Branches:
Dungeon (3/15)

Altars:
Wu Jian


Innate Abilities, Weirdness & Mutations

You cannot wear most types of armour.
You are very stealthy in the water. (Stealth+)
You are amphibious.
You can wear up to eight rings at the same time.
You can use your tentacles to constrict eight enemies at once.
Your skin changes colour to match your surroundings (Stealth+).
Your rubbery body absorbs attacks. (AC +1, EV +1)


Message History

Aim: a hobgoblin, wielding a +0 club The magic dart hits the orc but does no damage.
The orc is lightly wounded.
The orc completely misses you.
Casting: Magic Dart (safe; 4% risk of failure)
Confirm with . or Enter, or press ? or * to list all spells.
Aiming: Magic Dart (safe; 4% risk of failure)
Press: ? - help, Shift-Dir - straight line, f/p - hobgoblin
Aim: a hobgoblin, wielding a +0 club The magic dart hits the orc but does no damage.
The orc is lightly wounded.
The orc hits you with a +0 morningstar!
* * * LOW HITPOINT WARNING * * *
Things that are here:
a +0 short sword; 4 stones
There is a stone staircase leading up here.
You climb upwards.
The goblin hits you.
* * * LOW HITPOINT WARNING * * *
The hobgoblin hits you.
You die...

#.### #.#(### #.#.#.#
############.#.#.#
... ...........#.#
.#########.#.#.#.####
....................#
.#####..##.###.#.####
...............g@#
.#####..##..##.#g# .#
#..##..##...#
.#####..##..##.###
............##)#
.###....##..##.#
.###....##..##g#
.##.##<.##..##(####
.##.##..##....(...#


You could see a hobgoblin and a goblin.

Vanquished Creatures
  Robin (D:2)
  2 gnolls (D:3)
  2 adders (D:3)
  A worm (D:3)
  2 dart slugs (D:1)
  3 leopard geckos (D:1)
  3 orcs (D:3)
  11 bats
  3 giant cockroaches
  15 goblins
  16 hobgoblins
  6 jackals (D:3)
  7 kobolds
  2 quokkas (D:2)
  A ball python (D:1)
  5 frilled lizards
  7 rats
87 creatures vanquished.

Notes
Turn   | Place    | Note
-------+----------+-------------------------------------------
     0 | D:1      | Conn the Octopode Wizard began the quest for the Orb.
     0 | D:1      | Reached XP level 1. HP: 11/11 MP: 4/4
   178 | D:1      | Reached XP level 2. HP: 17/17 MP: 0/6
   688 | D:1      | Reached XP level 3. HP: 18/21 MP: 8/8
  1115 | D:1      | Reached skill level 4 in Spellcasting
  2125 | D:2      | Reached XP level 4. HP: 17/27 MP: 0/10
  2505 | D:2      | Noticed Robin
  2548 | D:2      | Killed Robin
  2935 | D:3      | Learned a level 2 spell: Blink
  2938 | D:3      | Learned a level 2 spell: Call Imp
  2942 | D:3      | Learned a level 3 spell: Conjure Flame
  2946 | D:3      | Learned a level 3 spell: Mephitic Cloud
  3010 | D:3      | Reached XP level 5. HP: 31/31 MP: 6/11
  3048 | D:3      | Reached skill level 1 in Short Blades
  3083 | D:3      | Found an ornate altar of the Wu Jian Council.
  3166 | D:3      | HP: 1/31 [orc/+0 morningstar (10)]
  3176 | D:2      | Slain by a hobgoblin

Levels and vault maps discovered:
D:1:      dpeg_arrival_subterranean_lakeside_camping, layout_basic
D:2:      layout_basic, first_ration, chequers_ecumenical_altar_grove,
          serial_park_tiny_1, minmay_joined_circles, uniq_robin
D:3:      layout_rooms, old_standard_altar, gammafunk_temple_overflow_elements,
          overflow_temple_1_default, amethyst_killhole

Skill      XL: |  1  2  3  4  5 |
---------------+----------------+-----
Spellcasting   | 4 |  4.5
Stealth        | 3 |  3.2
Conjurations   | 2 |  2.1
Short Blades   | 1 |  1.3
Fighting       | |  0.1
Dodging        | |  2.3
Unarmed Combat | |  0.3
Summonings     | |  1.0
Translocations | |  1.0

Action                   |  1- 3 |  4- 6 || total
-------------------------+-------+-------++-------
Melee: Unarmed           |    26 |       ||    26
       Tentacles         |     4 |     7 ||    11
       Short sword       |    44 |    62 ||   106
       Constrict         |    17 |    19 ||    36
Throw: Dart              |       |     8 ||     8
 Cast: Magic Dart        |    64 |    54 ||   118
       Mephitic Cloud    |       |     4 ||     4
  Use: Potion            |     2 |     1 ||     3
 Stab: Sleeping          |     7 |     2 ||     9
  Eat: Chunk             |     4 |     7 ||    11
Armor: Skin              |    13 |     6 ||    19
Dodge: Dodged            |    80 |    75 ||   155

Table legend:
 A = Non-vault XP
 B = Vault XP
 C = Vault XP percentage of total XP
 D = Non-vault monster count
 E = Vault monster count
 F = Vault count percentage of total count
                 A         B        C        D         E       F
            +---------+---------+-------+---------+---------+-------
      Total |     176 |      42 |  19.3 |      70 |      17 |  19.5
            +---------+---------+-------+---------+---------+-------
        D:1 |      62 |       9 |  12.7 |      32 |       6 |  15.8
        D:2 |      21 |      31 |  59.6 |      13 |      10 |  43.5
        D:3 |      93 |       2 |   2.1 |      25 |       1 |   3.8
            +---------+---------+-------+---------+---------+-------
